AoeStats
← Bronco

Arena

510149467Analyzed
4v4 RM · 3d ago on Sep 29, 2026· 54m 32s· 8 players
Game mode
Random Map
Map size
Large (8 player)
Population
200
Speed
Normal
Resources
Standard
Victory
Conquest
Starting age
Dark Age
Ending age
Imperial Age
RankedLock teamsTeams togetherTeam positionsShared explorationLock speedFull tech treeHidden civsTurbo modeCheats
Victory
Defeat
🇺🇸 Berbers · United States
1254
+16
🇲🇾 Japanese · Malaysia
1250
+17
🇵🇱 Khmer · Poland
1250
+17
🇨🇦 Ethiopians · Canada
1242
+17
🇩🇪 Armenians · Germany
1274
-17
🇩🇪 Poles · Germany
1266
-17
🇩🇪 Sicilians · Germany
1263
-17
🇩🇪 Romans · Germany
1248
-16
Kami08
9:10 Feudal Age
9:56 Double-Bit Axe
17:13 Castle Age
15:43 Horse Collar
15:58 Gold Mining
18:14 Bow Saw
20:12 Wheelbarrow
19:23 Loom
20:57 Gold Shaft Mining
20:24 Heavy Plow
20:16 Stone Mining
22:16 Scale Barding Armor
25:27 Stone Shaft Mining
27:56 Imperial Age
25:42 Forging
25:58 Bloodlines
25:48 Husbandry
27:20 Hand Cart
26:51 Town Watch
29:10 Crop Rotation
28:35 Elite Battle Elephant
29:34 Caravan
31:01 Chain Barding Armor
31:26 Tusk Swords
31:51 Conscription
32:33 Plate Barding Armor
33:10 Iron Casting
32:26 Fletching
32:49 Masonry
36:47 Blast Furnace
38:04 Bodkin Arrow
39:11 Chemistry
38:25 Siege Engineers
41:12 Chemistry
40:44 Architecture
40:25 Fortified Wall
39:52 Heavy Scorpion
42:24 Double Crossbow
43:13 Ballistics
50:59 Bracer
elsuum_93
10:49 Feudal Age
10:55 Feudal Age
12:46 Double-Bit Axe
12:43 Horse Collar
15:08 Castle Age
16:13 Bow Saw
16:04 Heavy Plow
19:26 Loom
19:55 Town Watch
22:26 Wheelbarrow
23:52 Hand Cart
25:02 Gold Mining
26:00 Fletching
26:14 Padded Archer Armor
29:19 Imperial Age
27:26 Ballistics
27:06 Bodkin Arrow
28:08 Thumb Ring
27:24 Crossbowman
28:23 Leather Archer Armor
31:01 Chemistry
30:06 Bracer
30:36 Ring Archer Armor
29:29 Arbalester
39:24 Caravan
40:38 Conscription
40:22 Scale Mail Armor
40:33 Forging
43:05 Coinage
42:55 Chain Mail Armor
43:16 Iron Casting
43:28 Squires
43:13 Arson
43:39 Elite Shotel Warrior
44:52 Plate Mail Armor
46:33 Blast Furnace
47:47 Halberdier
53:12 Two-Man Saw
52:59 Torsion Engines
53:31 Siege Engineers
53:37 Masonry
Slayer
5:03 Loom
10:53 Feudal Age
14:41 Castle Age
13:27 Double-Bit Axe
13:32 Horse Collar
22:38 Scale Barding Armor
23:34 Wheelbarrow
24:08 Bloodlines
25:20 Chain Barding Armor
26:26 Husbandry
26:41 Forging
30:35 Imperial Age
29:23 Iron Casting
30:42 Capped Ram
30:45 Cavalier
32:02 Plate Barding Armor
33:29 Blast Furnace
33:15 Bow Saw
34:48 Heavy Plow
34:39 Stone Mining
34:48 Fletching
35:00 Padded Archer Armor
35:31 Light Cavalry
36:52 Bodkin Arrow
37:13 Leather Archer Armor
37:07 Hussar
38:31 Bracer
39:02 Ring Archer Armor
39:43 Chemistry
41:00 Conscription
42:19 Ballistics
43:24 Elite Camel Archer
44:30 Thumb Ring
長安
10:46 Feudal Age
11:47 Horse Collar
14:33 Castle Age
12:36 Double-Bit Axe
15:56 Bow Saw
21:00 Wheelbarrow
20:58 Loom
22:21 Town Watch
22:39 Heavy Plow
27:54 Imperial Age
26:58 Ballistics
26:49 Masonry
26:32 Guard Tower
27:33 Hand Cart
27:35 Pikeman
28:09 Fletching
29:42 Chemistry
30:11 Two-Man Saw
29:28 Gold Mining
29:30 Stone Mining
29:39 Stone Mining
30:23 Thumb Ring
29:41 Halberdier
30:23 Squires
30:21 Bodkin Arrow
30:28 Padded Archer Armor
31:10 Bracer
32:01 Parthian Tactics
31:56 Leather Archer Armor
31:40 Heavy Cavalry Archer
33:11 Ring Archer Armor
33:27 Parthian Tactics
33:25 Forging
33:16 Scale Mail Armor
33:55 Gold Shaft Mining
34:22 Chain Mail Armor
34:54 Fortified Wall
35:21 Keep
34:35 Arrowslits
36:12 Plate Mail Armor
36:19 Iron Casting
36:27 Yasama
37:23 Conscription
38:24 Blast Furnace
37:27 Caravan
37:39 Murder Holes
37:52 Siege Engineers
47:24 Arson
47:26 Gambesons
52:52 Kataparuto
53:52 Capped Ram
SebTheKing
10:16 Feudal Age
14:09 Castle Age
12:44 Double-Bit Axe
12:45 Horse Collar
14:24 Loom
26:13 Wheelbarrow
29:16 Imperial Age
27:08 Scale Barding Armor
27:17 Forging
27:13 Heavy Plow
27:35 Bow Saw
28:28 Hand Cart
28:01 Town Watch
28:42 Szlachta Privileges
29:22 Chain Barding Armor
29:08 Husbandry
29:44 Bloodlines
30:12 Iron Casting
29:45 Cavalier
30:50 Conscription
32:19 Blast Furnace
34:07 Fletching
35:51 Gold Mining
36:50 Bodkin Arrow
50:23 Light Cavalry
51:15 Winged Hussar
53:12 Crop Rotation
commanderlionheart
9:52 Feudal Age
13:48 Castle Age
13:48 Double-Bit Axe
16:29 Horse Collar
20:45 Heavy Plow
21:17 Bow Saw
22:30 Gold Mining
23:40 Loom
24:30 Wheelbarrow
24:47 Town Watch
26:51 Hand Cart
29:50 Imperial Age
27:21 Town Patrol
27:14 Fletching
30:22 Imperial Age
28:25 Gambesons
28:42 Squires
28:27 Arson
29:02 Bodkin Arrow
29:08 Padded Archer Armor
29:21 Forging
29:11 Scale Mail Armor
28:46 Pikeman
30:15 Gold Shaft Mining
30:19 Halberdier
31:06 Capped Ram
32:10 Chain Mail Armor
32:30 Iron Casting
31:57 Siege Ram
33:57 Plate Mail Armor
34:43 Iron Casting
37:03 Fereters
39:17 Blast Furnace
42:28 Man-at-Arms
43:03 Heavy Scorpion
44:03 Masonry
44:55 Chemistry
45:49 Long Swordsman
46:04 Long Swordsman
47:12 Two-Handed Swordsman
48:35 Champion
50:19 Bracer
51:59 Fortified Wall
wo01f
10:13 Feudal Age
14:21 Castle Age
13:07 Double-Bit Axe
14:11 Horse Collar
18:31 Scale Mail Armor
19:37 Wheelbarrow
18:53 Loom
20:07 Bow Saw
21:20 Heavy Plow
22:10 Gold Mining
22:23 Stone Mining
24:17 Gold Shaft Mining
24:20 Stone Shaft Mining
24:00 Town Watch
24:43 Hand Cart
25:51 Scale Mail Armor
26:03 Forging
27:04 Chain Mail Armor
27:18 Fletching
30:19 Imperial Age
29:01 Iron Casting
29:13 First Crusade
29:05 Arson
29:20 Squires
29:06 Gambesons
28:43 Man-at-Arms
28:44 Pikeman
30:20 Elite Serjeant
31:35 Plate Mail Armor
32:05 Blast Furnace
30:31 Capped Ram
31:49 Conscription
30:55 Long Swordsman
31:57 Siege Ram
35:49 Onager
39:28 Siege Engineers
40:26 Chemistry
40:06 Siege Onager
41:27 Halberdier
42:20 Siege Onager
43:09 Siege Onager
48:15 Masonry
Bronco
10:21 Feudal Age
13:49 Castle Age
12:03 Double-Bit Axe
12:42 Horse Collar
14:32 Loom
16:21 Bow Saw
20:35 Heavy Plow
22:19 Stone Mining
22:26 Gold Mining
25:55 Gold Shaft Mining
28:34 Imperial Age
26:42 Wheelbarrow
25:52 Town Watch
26:24 Scale Mail Armor
26:28 Squires
26:44 Masonry
26:10 Man-at-Arms
27:03 Forging
26:59 Long Swordsman
27:57 Chain Mail Armor
28:31 Iron Casting
27:50 Fletching
28:39 Legionary
31:21 Blast Furnace
29:49 Pikeman
30:41 Halberdier
31:32 Bodkin Arrow
32:12 Architecture
34:02 Conscription
36:37 Ballistas
39:16 Comitatenses
39:20 Heavy Scorpion
54:22 Ballistics
55:03 Chemistry
54:09 Siege Engineers
Connection lost

Rejoining the realm…

Still unreachable

The connection could not be restored.

Session expired

The server has moved on; the page needs a fresh start.